AoeStats
← beneath mariana

Coastal Forest

503266216Analyzed
4v4 RM · 1mo ago on Aug 30, 2026· 68m 56s· 8 players
Game mode
Random Map
Map size
Large (8 player)
Population
200
Speed
Normal
Resources
Standard
Victory
Conquest
Starting age
Dark Age
Ending age
Imperial Age
RankedLock teamsTeams togetherTeam positionsShared explorationLock speedFull tech treeHidden civsTurbo modeCheats
Victory
Defeat
🇨🇦 Japanese · Canada
1505
+14
🇹🇷 Saracens · Türkiye
1495
+14
🇨🇳 Burmese · China
1452
+16
🇧🇴 Khmer · Bolivia
1373
+20
🇨🇴 Persians · Colombia
1491
-18
🇲🇽 Ethiopians · Mexico
1478
-17
🇲🇽 Italians · Mexico
1466
-16
🇲🇽 Gurjaras · Mexico
1400
-13
OM | Kerry Copyto
6:50 Loom
9:09 Feudal Age
9:45 Double-Bit Axe
13:39 Fletching
13:49 Padded Archer Armor
22:38 Castle Age
22:12 Horse Collar
23:13 Bodkin Arrow
22:41 Crossbowman
23:26 Thumb Ring
24:20 Leather Archer Armor
28:50 Ballistics
31:56 Wheelbarrow
31:06 Town Watch
36:18 Imperial Age
37:10 Bracer
38:12 Chemistry
36:36 Arbalester
43:10 Hand Cart
45:19 Town Patrol
47:38 Ring Archer Armor
49:16 Conscription
49:56 Bow Saw
49:48 Heavy Plow
51:19 Masonry
51:04 Murder Holes
55:12 Elite Genoese Crossbowman
67:07 Husbandry
67:17 Bloodlines
66:28 Light Cavalry
67:14 Scale Barding Armor
67:20 Forging
OM | Romeo D. Sins
7:05 Loom
10:19 Feudal Age
10:57 Double-Bit Axe
14:41 Fletching
15:37 Padded Archer Armor
17:01 Horse Collar
21:21 Castle Age
19:43 Gold Mining
22:08 Bodkin Arrow
21:35 Crossbowman
24:36 Leather Archer Armor
27:35 Bow Saw
37:32 Imperial Age
38:14 Bracer
37:40 Arbalester
38:32 Murder Holes
39:23 Ballistics
40:11 Ring Archer Armor
41:27 Chemistry
41:29 Thumb Ring
42:16 Fortified Wall
43:17 Gold Shaft Mining
42:32 Stone Mining
45:42 Wheelbarrow
46:52 Two-Man Saw
46:51 Hand Cart
47:18 Town Watch
49:08 Stone Shaft Mining
51:09 Caravan
52:14 Town Patrol
55:13 Siege Engineers
56:16 Torsion Engines
57:08 Masonry
57:20 Conscription
59:50 Architecture
63:05 Forging
62:55 Scale Mail Armor
63:16 Squires
63:01 Arson
64:28 Iron Casting
64:56 Chain Mail Armor
64:05 Man-at-Arms
67:53 Blast Furnace
67:23 Plate Mail Armor
66:22 Long Swordsman
67:00 Heavy Scorpion
OM | ingjuanpalencia
7:12 Loom
9:25 Feudal Age
9:57 Double-Bit Axe
12:21 Horse Collar
14:07 Forging
17:37 Scale Barding Armor
20:44 Bloodlines
22:50 Wheelbarrow
25:26 Castle Age
24:18 Gold Mining
26:47 Iron Casting
27:57 Chain Barding Armor
30:34 Bow Saw
31:29 Heavy Plow
33:09 Hand Cart
35:23 Gold Shaft Mining
34:39 Stone Mining
39:12 Light Cavalry
43:38 Imperial Age
42:40 Town Watch
43:18 Cavalier
45:00 Blast Furnace
44:36 Crop Rotation
45:06 Two-Man Saw
44:32 Town Patrol
45:37 Plate Barding Armor
45:37 Heavy Camel Rider
46:20 Husbandry
49:27 Savar
54:57 Caravan
64:13 Hussar
OM | Massiosare
9:52 Feudal Age
15:59 Scale Barding Armor
19:25 Forging
28:33 Castle Age
29:38 Husbandry
33:08 Iron Casting
34:44 Double-Bit Axe
34:49 Horse Collar
41:42 Bloodlines
42:09 Chain Barding Armor
43:51 Light Cavalry
48:50 Heavy Plow
50:06 Fortified Wall
51:20 Bow Saw
51:04 Gold Mining
53:52 Fletching
55:48 Bodkin Arrow
bruce6633
9:41 Feudal Age
9:26 Loom
10:23 Double-Bit Axe
12:11 Horse Collar
16:11 Fletching
18:41 Padded Archer Armor
22:43 Castle Age
23:01 Crossbowman
26:53 Wheelbarrow
26:43 Leather Archer Armor
26:23 Bodkin Arrow
26:45 Leather Archer Armor
31:18 Hand Cart
31:22 Bow Saw
37:47 Stone Mining
38:33 Gold Mining
44:58 Imperial Age
42:49 Treadmill Crane
43:30 Ballistics
44:27 Guard Tower
46:13 Yasama
46:07 Arrowslits
49:04 Chemistry
50:11 Two-Man Saw
50:20 Heavy Plow
51:44 Bracer
52:28 Keep
52:16 Conscription
52:14 Clinker Construction
52:07 Arbalester
54:08 Thumb Ring
54:43 Ring Archer Armor
54:21 Siege Engineers
55:54 Gold Shaft Mining
55:32 Murder Holes
55:47 Masonry
57:13 Kataparuto
60:34 Heavy Cavalry Archer
61:39 Parthian Tactics
62:29 Bloodlines
62:19 Husbandry
imenek
6:21 Loom
8:56 Feudal Age
13:57 Fletching
15:04 Padded Archer Armor
21:22 Double-Bit Axe
24:22 Wheelbarrow
23:44 Horse Collar
28:06 Castle Age
40:59 Bow Saw
40:56 Heavy Plow
41:12 Hand Cart
40:42 Town Watch
42:18 Stone Mining
42:18 Gold Mining
47:29 Hand Cart
48:21 Scale Barding Armor
48:26 Forging
49:27 Chain Barding Armor
49:53 Gold Shaft Mining
49:35 Bloodlines
49:26 Husbandry
50:40 Iron Casting
53:52 Imperial Age
51:49 Bodkin Arrow
53:15 Caravan
53:55 Elite Mameluke
55:12 Plate Barding Armor
55:38 Blast Furnace
54:05 Capped Ram
55:25 Conscription
55:37 Husbandry
55:39 Bracer
55:54 Leather Archer Armor
55:13 Siege Ram
59:20 Two-Man Saw
61:17 Chemistry
59:58 Treadmill Crane
60:29 Masonry
60:02 Light Cavalry
61:14 Counterweights
61:01 Hussar
62:13 Ring Archer Armor
61:43 Scale Mail Armor
beneath mariana
9:10 Loom
11:20 Feudal Age
12:06 Gold Mining
14:31 Fletching
15:10 Town Watch
15:14 Fishing Lines
18:32 Wheelbarrow
21:30 Castle Age
21:02 Scale Barding Armor
22:31 Bloodlines
22:22 Husbandry
24:32 Forging
24:39 Horse Collar
26:21 Bodkin Arrow
30:07 Sanctity
29:57 Fervor
30:08 Sanctity
29:58 Fervor
30:58 Fervor
33:42 Gold Shaft Mining
32:58 Stone Mining
33:50 Ballistics
34:31 Squires
36:57 Redemption
38:01 Fortified Wall
38:01 Masonry
41:27 Imperial Age
39:34 Caravan
41:13 Chain Barding Armor
40:55 Husbandry
42:31 Iron Casting
42:33 Coinage
42:27 Block Printing
42:48 Theocracy
42:38 Illumination
42:49 Theocracy
42:39 Illumination
43:09 Plate Barding Armor
43:25 Heavy Scorpion
44:31 Siege Engineers
45:05 Conscription
45:25 Bracer
46:21 Guilds
47:43 Blast Furnace
47:32 Clinker Construction
47:44 Howdah
48:58 Banking
49:50 Chemistry
49:00 Capped Ram
50:43 Man-at-Arms
51:08 Gambesons
50:48 Man-at-Arms
51:14 Gambesons
50:49 Pikeman
51:31 Scale Mail Armor
52:09 Elite Battle Elephant
53:05 Long Swordsman
53:09 Long Swordsman
54:21 Two-Handed Swordsman
58:36 Chain Mail Armor
59:00 Light Cavalry
59:55 Champion
61:51 Arson
63:13 Hand Cart
63:07 Demolition Ship
63:46 Guard Tower
64:27 Architecture
64:34 Carvel Hull
64:47 Architecture
65:14 Plate Mail Armor
66:11 Elite Cannon Galleon
66:43 Gillnets
67:03 Medium Warships
66:41 Halberdier
GG LA LIFE KARIN
11:32 Feudal Age
16:02 Castle Age
14:12 Double-Bit Axe
15:02 Fishing Lines
17:35 Bow Saw
17:16 Gillnets
19:56 Horse Collar
22:23 Scale Barding Armor
23:29 Chain Barding Armor
23:44 Heavy Plow
24:47 Bloodlines
24:40 Husbandry
26:26 Forging
26:45 Gold Mining
27:19 Bloodlines
27:54 Wheelbarrow
27:05 Loom
28:51 Gold Shaft Mining
29:05 Iron Casting
33:44 Imperial Age
33:47 Cavalier
35:12 Plate Barding Armor
36:35 Hand Cart
38:54 Coinage
40:16 Banking
41:08 Light Cavalry
43:38 Conscription
44:49 Hussar
47:44 Double Crossbow
48:51 Ballistics
51:43 Town Watch
51:55 Elite Ballista Elephant
53:15 Padded Archer Armor
54:32 Chemistry
55:28 Blast Furnace
55:36 Leather Archer Armor
56:04 Elite Battle Elephant
57:18 Tusk Swords
57:15 Fletching
60:47 Stone Mining
61:47 Crop Rotation
64:15 Siege Engineers
66:33 Ring Archer Armor
66:00 Bodkin Arrow
Connection lost

Rejoining the realm…

Still unreachable

The connection could not be restored.

Session expired

The server has moved on; the page needs a fresh start.